 Dungeon Crawl Stone Soup version 0.22-a0-348-gd16d139 (webtiles) character file.

1257 torrenera the Ogre Mage (level 8, 0/67 HPs)
             Began as an Ogre Fire Elementalist on Apr 8, 2018.
             Was a Follower of Vehumet.
             Slain by an orc warrior
             ... wielding a +0 glaive
              (12 damage)
             ... on level 7 of the Dungeon.
             The game lasted 00:20:16 (7878 turns).

torrenera the Ogre Mage (Ogre Fire Elementalist)    Turns: 7878, Time: 00:20:17

Health: 0/67       AC:  5    Str: 13    XL:     8   Next: 51%
Magic:  12/21      EV: 10    Int: 18    God:    Vehumet [*.....]
Gold:   273        SH:  0    Dex:  9    Spells: 14/25 levels left

rFire    . . .     SeeInvis .   E - +1 glaive (venom)
rCold    . . .     Gourm    .   (shield currently unavailable)
rNeg     . . .     Faith    .   a - +0 robe
rPois    +         Spirit   .   (helmet restricted)
rElec    .         Reflect  .   F - +1 cloak {rPois}
rCorr    .         Harm     .   (gloves unavailable)
MR       .....                  (boots unavailable)
Stlth    +.........             (no amulet)
HPRegen  0.21/turn              (no ring)
MPRegen  0.17/turn              (no ring)

@: about to teleport
A: large, unfitting armour, tough skin 1
a: Renounce Religion


You were on level 7 of the Dungeon.
You worshipped Vehumet.
Vehumet was aware of your devotion.
You were not hungry.

You visited 2 branches of the dungeon, and saw 8 of its levels.

You collected 273 gold pieces.

Inventory:

Hand Weapons
 o - a +1 short sword of venom
 y - a +0 hunting sling
 E - a +1 glaive of venom (weapon)
Missiles
 b - 154 stones
 d - 28 poisoned needles
 e - 10 tomahawks (quivered)
 u - 2 exploding tomahawks
Armour
 a - a +0 robe (worn)
 j - a +0 large shield
 l - a +0 shield
 F - a +1 cloak of poison resistance (worn)
Magical Staves
 r - an uncursed staff of summoning
Jewellery
 f - an uncursed ring of stealth {unknown}
Wands
 x - a wand of random effects (20)
 D - a wand of iceblast (8)
 G - a wand of scattershot (6)
 H - a wand of polymorph (16)
Scrolls
 k - 2 scrolls of amnesia {unknown}
 p - 2 scrolls of immolation {unknown}
 s - 2 scrolls of remove curse
 t - 2 scrolls of teleportation
 v - 2 scrolls of fog {unknown}
 A - a scroll of identify
 B - a scroll of magic mapping {unknown}
 C - a scroll of blinking {unknown}
 I - a scroll of enchant weapon {unknown}
Potions
 g - 3 potions of heal wounds
 h - 4 potions of lignification
 i - a potion of brilliance
 m - a potion of berserk rage
 n - a potion of flight {unknown}
 q - 3 potions of agility
 w - a potion of cancellation {unknown}
 z - 2 potions of haste {unknown}
Comestibles
 c - 13 rations


   Skills:
 - Level 1.7 Dodging
 - Level 1.4 Stealth
 * Level 9.3 Spellcasting
 - Level 0.8 Conjurations
 + Level 5.8 Fire Magic


You had 14 spell levels left.
You knew the following spells:

 Your Spells              Type           Power        Failure   Level  Hunger
a - Flame Tongue          Conj/Fire      ###..        2%          1    None
b - Conjure Flame         Conj/Fire      ###.....     6%          3    None
c - Corona                Hex            #......      9%          1    None
d - Ensorcelled Hibernat  Hex/Ice        #.....       13%         2    None
e - Sticky Flame          Conj/Fire      ###.....     22%         4    ###....


Dungeon Overview and Level Annotations

Branches:
Dungeon (7/15)             Temple (1/1) D:4

Altars:
Dithmenos
Kikubaaqudgha
Uskayaw
Vehumet
Xom
Yredelemnul
Zin
The Shining One

Shops:
D:6 :

Annotations:
D:5 barakagiga3's ghost, novice DsNe


Innate Abilities, Weirdness & Mutations

You are too large for most types of armour.
You have tough skin. (AC +1)


Message History

You closely miss the orc.
The orc is severely wounded.
The orc hits you with a morningstar.
The orc warrior hits you from afar with a glaive! x2
* * * LOW HITPOINT WARNING * * *
The orc hits you with a mace!
* * * LOW HITPOINT WARNING * * *
The orc closely misses you. The orc hits you but does no damage.
You feel much better. The orc barely misses you. The orc misses you.
The orc barely misses you.
As you read the scroll labeled OTEIDI WIPYN, it crumbles to dust.
You feel blessed for a moment.
It was a scroll of remove curse.
The orc barely misses you. The orc hits you with a mace!
As you read the scroll labeled JEMUBL ROUKHAU, it crumbles to dust.
You feel strangely unstable.
It was a scroll of teleportation.
The orc hits you with a morningstar!
* * * LOW HITPOINT WARNING * * *
The orc warrior hits you from afar with a glaive!
You die...

#.....÷o..###.#.#
.....#...........#.#
.#.# #......()##...# #
########.##...#
.....#.#(##...#
...#...#.##...#
#...........>#
#..##o#o##.###
########..#.@#.##.#
.......<..#.ooo##.####
########..####.##....#
#..# #######.# #..#
#.# #..# #.#
#..##########.#
#..........<..#
##.##########.#


You could see an orc warrior and 3 orcs.

Vanquished Creatures
  Sigmund (D:2)
  A sky beast (D:6)
  A phantom (D:6)
  A bullfrog (D:6)
  4 scorpions
  A howler monkey (D:7)
  A crimson imp (D:4)
  A bullfrog zombie (D:7)
  A hound (D:4)
  An orc priest (D:7)
  A bullfrog skeleton (D:4)
  A centaur skeleton (D:6)
  Ijyb (D:3)
  3 orc wizards
  3 worker ants
  Robin (D:2)
  A gnoll (D:3)
  11 adders
  An ooze (D:5)
  A worm (D:2)
  3 dart slugs
  5 leopard geckos
  21 orcs
  4 giant cockroaches
  14 goblins
  10 hobgoblins
  6 jackals
  6 kobolds
  3 quokkas
  2 ball pythons (D:2)
  A ball python skeleton (D:4)
  5 bats
  5 frilled lizards
  A leopard gecko skeleton (D:4)
  10 rats
133 creatures vanquished.

Notes
Turn   | Place    | Note
-------+----------+-------------------------------------------
     0 | D:1      | torrenera the Ogre Fire Elementalist began the quest for the Orb.
     0 | D:1      | Reached XP level 1. HP: 16/16 MP: 3/3
   185 | D:1      | Found a shimmering altar of Xom.
   252 | D:1      | Reached XP level 2. HP: 15/24 MP: 1/5
   459 | D:1      | Reached skill level 3 in Spellcasting
  1077 | D:2      | Reached XP level 3. HP: 31/31 MP: 3/7
  1129 | D:2      | Learned a level 3 spell: Conjure Flame
  1721 | D:2      | Reached XP level 4. HP: 37/39 MP: 3/9
  2128 | D:2      | Noticed Sigmund
  2168 | D:2      | Killed Sigmund
  2168 | D:2      | Reached skill level 5 in Spellcasting
  2168 | D:2      | Reached XP level 5. HP: 43/45 MP: 0/12
  2168 | D:2      | Reached XP level 6. HP: 51/53 MP: 0/13
  3476 | D:3      | Reached skill level 6 in Spellcasting
  3558 | D:3      | Learned a level 1 spell: Corona
  3561 | D:3      | Learned a level 2 spell: Ensorcelled Hibernation
  3566 | D:3      | Learned a level 4 spell: Sticky Flame
  4081 | D:3      | Noticed Ijyb
  4084 | D:3      | Noticed Robin
  4104 | D:3      | Killed Ijyb
  4179 | D:2      | Killed Robin
  4179 | D:2      | Reached XP level 7. HP: 43/59 MP: 13/16
  4924 | D:4      | Found a staircase to the Ecumenical Temple.
  4963 | Temple   | Entered the Ecumenical Temple
  4968 | Temple   | Became a worshipper of Vehumet
  5021 | D:4      | Reached skill level 7 in Spellcasting
  5021 | D:4      | Reached skill level 5 in Fire Magic
  5631 | D:5      | Entered Level 5 of the Dungeon
  5727 | D:5      | Noticed barakagiga3's ghost (novice DsNe)
  6669 | D:6      | Reached skill level 8 in Spellcasting
  6669 | D:6      | Reached XP level 8. HP: 60/67 MP: 10/20
  7198 | D:6      | Found Usuergh's Book Emporium.
  7752 | D:7      | Reached skill level 9 in Spellcasting
  7801 | D:7      | Reached * piety under Vehumet
  7801 | D:7      | Offered knowledge of Freeze by Vehumet.
  7878 | D:7      | Slain by an orc warrior

Vault maps used:
D:1:      elethiomel_arrival_shortcut, serial_curves, eino_curves_03,
          eino_curves_03, xom_teletrap_fun
D:2:      first_ration, minmay_hexomino_c4, uniq_sigmund
D:3:      uniq_robin, uniq_ijyb
D:4:      minmay_temple_entry_hall, minmay_unequal
D:5:      fedhas_altar_1
D:6:      serial_shops, nicolae_shop_behind_doors
D:7:      grunt_livestock
Temple:   compressed_dpeg_triangle_lava_temple

Skill      XL: |  1  2  3  4  5  6  7  8 |
---------------+-------------------------+-----
Fire Magic     | 3 4 5 |  5.8
Spellcasting   | 3 5 6 8 9 |  9.3
Dodging        | |  1.7
Stealth        | |  1.4
Conjurations   | |  0.8

Action                   |  1- 3 |  4- 6 |  7- 9 || total
-------------------------+-------+-------+-------++-------
Melee: Unarmed           |     3 |       |       ||     3
       Whip              |    44 |    31 |       ||    75
       Short sword       |       |    76 |    52 ||   128
       Glaive            |       |       |    61 ||    61
Throw: Tomahawk          |       |       |     8 ||     8
       Stone             |       |       |     2 ||     2
 Cast: Flame Tongue      |    48 |    54 |    83 ||   185
       Ensorcelled Hiber |       |     3 |       ||     3
       Conjure Flame     |       |       |     6 ||     6
Evoke: Wand              |       |       |     4 ||     4
  Use: Potion            |       |     3 |     1 ||     4
       Scroll            |       |       |     5 ||     5
 Stab: Sleeping          |     1 |       |     4 ||     5
  Eat: Chunk             |     2 |     8 |    12 ||    22
Armor: Robe              |    31 |    40 |    27 ||    98
Dodge: Dodged            |    45 |    86 |   109 ||   240

Table legend:
 A = Spawn XP
 B = Non-spawn XP
 C = Spawn XP percentage of total XP
 D = Spawn monster count
 E = Non-spawn monster count
 F = Spawn count percentage of total count
 G = Total turns spent on level
                    A         B        C        D         E        F      G
               +---------+---------+-------+---------+---------+-------+---------
         Total |       0 |    1797 |   0.0 |       0 |     133 |   0.0 |  7878
               +---------+---------+-------+---------+---------+-------+---------
           D:1 |       0 |      37 |   0.0 |       0 |      21 |   0.0 |  1395
           D:2 |       0 |     360 |   0.0 |       0 |      30 |   0.0 |  1876
           D:3 |       0 |     259 |   0.0 |       0 |      34 |   0.0 |  1308
           D:4 |       0 |     203 |   0.0 |       0 |      16 |   0.0 |  1188
           D:5 |       0 |     138 |   0.0 |       0 |       7 |   0.0 |   562
           D:6 |       0 |     580 |   0.0 |       0 |      18 |   0.0 |  1403
           D:7 |       0 |     220 |   0.0 |       0 |       7 |   0.0 |   135
               +---------+---------+-------+---------+---------+-------+---------
